 Dungeon Crawl Stone Soup version 0.29.1-12-g30fa7ad0bf (webtiles) character file.

Game seed: 11547714715314103307

277 booth the Firebug (level 6, 0/47 HPs)
             Began as a Gnoll Wanderer on Jan 13, 2023.
             Was an Initiate of Hepliaklqana.
             Slain by an iguana (8 damage)
             ... on level 5 of the Dungeon.
             The game lasted 00:41:42 (4908 turns).

booth the Firebug (Gnoll Wanderer)                  Turns: 4908, Time: 00:41:43

Health: 0/47       AC:  7    Str: 14    XL:     6   Next: 26%
Magic:  11/11      EV: 10    Int: 19    God:    Hepliaklqana [......]
Gold:   202        SH:  0    Dex:  7    Spells: 6/11 levels left

rFire   . . .      SeeInvis +   e - +0 mace (vorpal)
rCold   . . .      Faith    .   (no shield)
rNeg    . . .      Spirit   .   p - +1 ring mail of Woitoer {Drain Int+4 SInv Stlth+}
rPois   .          Reflect  .   (helmet currently unavailable)
rElec   .          Harm     .   (no cloak)
rCorr   .          Rampage  .   (no gloves)
Will    .....                   (boots currently unavailable)
Stlth   ++........              (no amulet)
HPRegen 0.15/turn               (no ring)
MPRegen 0.12/turn               (no ring)

@: appendages
A: horns 2, talons 2, fangs 1, strong nose, distributed training
a: End Transformation, Renounce Religion


You were on level 5 of the Dungeon.
You worshipped Hepliaklqana.
Hepliaklqana was noncommittal.
You had temporarily grown beastly horns and talons.
You visited 2 branches of the dungeon, and saw 6 of its levels.

You collected 202 gold pieces.

Inventory:

Hand Weapons
 e - a +0 vorpal mace (weapon)
 h - a +0 whip
 n - a +0 flail
 q - a +0 war axe
Missiles
 a - 2 javelins (quivered)
 c - 10 poisoned darts
Armour
 m - a +0 helmet (melded)
 p - the +1 ring mail of Woitoer (worn) {Drain Int+4 SInv Stlth+}
   (You took it off a kobold on level 4 of the Dungeon)

   Int:       It affects your intelligence (+4).
   SInv:      It lets you see invisible.
   Drain:     It drains your maximum health when unequipped.
   Stlth:     It makes you more stealthy.
 w - a +0 pair of boots (melded)
Scrolls
 g - 3 scrolls of poison
 i - 3 scrolls of teleportation
 o - 3 scrolls of blinking {unknown}
 r - 3 scrolls of enchant armour {unknown}
 t - 2 scrolls of amnesia {unknown}
 u - a scroll of silence {unknown}
 v - a scroll of identify
Potions
 b - a potion of lignification
 d - a potion of degeneration
 f - 5 potions of might
 j - 3 potions of curing
 k - a potion of mutation
 l - 2 potions of haste
 s - a potion of brilliance {unknown}


   Skills:
 + Level 3.2 Fighting
 + Level 2.0 Short Blades
 + Level 2.0 Long Blades
 + Level 2.0 Axes
 + Level 2.0 Maces & Flails
 + Level 2.0 Polearms
 + Level 2.0 Staves
 + Level 2.0 Ranged Weapons
 + Level 3.2 Throwing
 + Level 5.0 Armour
 + Level 2.0 Dodging
 + Level 2.0 Stealth
 + Level 2.0 Shields
 + Level 2.0 Unarmed Combat
 + Level 3.4 Spellcasting
 + Level 1.5 Conjurations
 + Level 1.5 Hexes
 + Level 1.5 Summonings
 + Level 1.5 Necromancy
 + Level 1.5 Translocations
 + Level 4.1 Transmutations
 + Level 5.6 Fire Magic
 + Level 1.5 Ice Magic
 + Level 1.5 Air Magic
 + Level 1.5 Earth Magic
 + Level 1.5 Poison Magic
 + Level 2.1 Invocations
 + Level 2.0 Evocations


You had 6 spell levels left.
You knew the following spells:

 Your Spells              Type           Power      Damage    Failure   Level
a - Beastly Appendage     Tmut           36%        N/A       5%          1
b - Foxfire               Conj/Fire      68%        2x1d7     6%          1
c - Spider Form           Tmut/Pois      14%        N/A       26%         3

Your spell library contained the following spells:

 Spells                   Type           Power      Damage    Failure   Level
 Conjure Flame            Conj/Fire      17%        6-21      19%         3
 Ignite Poison            Fire/Tmut/Pois 17%        N/A       19%         3
 Static Discharge         Conj/Air       9%         3-5/arc   22%         2
 Mephitic Cloud           Conj/Pois/Air  9%         N/A       41%         3
 Sticky Flame             Conj/Fire      17%        2d4       54%         4
 Dispel Undead            Necr           9%         3d8       83%         4
 Freezing Cloud           Conj/Ice/Air   4%         6-21      99%         5
 Dispersal                Tloc           4%         N/A       100%        6
 Disjunction              Tloc           4%         N/A       100%        8


Dungeon Overview and Level Annotations

Branches:
Dungeon (5/15)             Temple (1/1) D:4

Altars:
Ashenzari
Cheibriados
Dithmenos
Elyvilon
Fedhas
Gozag
Hepliaklqana
Kikubaaqudgha
Makhleb
Nemelex Xobeh
Okawaru
Qazlal
Ru
Sif Muna
Trog
Uskayaw
Vehumet
Wu Jian
Xom
Yredelemnul
Zin
The Shining One

Shops:
D:4 *

Annotations:
D:3 1 runed translucent door, booth's ghost, amateur KoBr


Innate Abilities, Weirdness & Mutations

You have temporarily grown beastly horns and talons.
You have very sharp teeth.
Your uncanny sense of smell can sniff out nearby items.
Your experience applies equally to all skills.


Message History

You hit the iguana but do no damage. The iguana barely misses you. x2
You barely miss the iguana. The iguana bites you.
You hit the iguana but do no damage. The iguana barely misses you.
You closely miss the iguana. The iguana barely misses you. x2
You hit the iguana but do no damage. You bite the iguana, but do no damage.
The iguana bites you.
You barely miss the iguana. The iguana bites you.
There is a stone staircase leading up here.
You closely miss the iguana. The iguana bites you.
You barely miss the iguana. The iguana bites you. x2
Casting: Foxfire (safe; 6% risk of failure)
Confirm with . or Enter, or press ? or * to list all spells.
You grow a pair of large bovine horns.
Your feet morph into talons.
Your +0 helmet melds into your body.
Your +0 pair of boots melds into your body.
The iguana barely misses you.
You hit the iguana but do no damage. Your headbutt misses the iguana.
The iguana bites you but does no damage.
You hit the iguana but do no damage. You bite the iguana, but do no damage.
The iguana bites you but does no damage.
You closely miss the iguana. You headbutt the iguana.
The iguana is moderately wounded.
The iguana barely misses you. The iguana bites you!
You barely miss the iguana. Your kick misses the iguana.
The iguana is moderately wounded.
The iguana bites you!
* * * LOW HITPOINT WARNING * * *
You hit the iguana but do no damage. You claw the iguana, but do no damage.
You headbutt the iguana!
The iguana is severely wounded.
The iguana closely misses you.
You hit the iguana. Your kick misses the iguana.
You bite the iguana, but do no damage.
The iguana is almost dead.
The iguana bites you.
* * * LOW HITPOINT WARNING * * *
The iguana bites you.
* * * LOW HITPOINT WARNING * * *
You feel better. The iguana bites you!
You die...

∆ ### #@# #l#
#..........
......##.##..
........# #
....#....
....#.... ...
#.... ..
#.....


You could see an iguana.

Vanquished Creatures
  An ogre (D:4)
  An iguana (D:4)
  3 gnolls (D:2)
  4 adders
  3 dart slugs
  10 orcs (D:3)
  14 endoplasms
  4 giant cockroaches
  5 goblins
  7 hobgoblins
  2 jackals (D:4)
  9 kobolds
  5 quokkas
  7 ball pythons
  8 bats
  3 frilled lizards
  2 rats
88 creatures vanquished.

Vanquished Creatures (others)
  23 foxfires
  A fungus (D:3)
24 creatures vanquished.

Grand Total: 112 creatures vanquished

Notes
Turn   | Place    | Note
-------+----------+-------------------------------------------
     0 | D:1      | booth the Gnoll Wanderer began the quest for the Orb.
     0 | D:1      | booth set off with the following items: a +0 club, a potion
                  | of lignification, a +0 ring mail; and the following spells
                  | available to memorise: Beastly Appendage, Foxfire, Conjure
                  | Flame, Spider Form, Sticky Flame.
     0 | D:1      | Reached XP level 1. HP: 17/17 MP: 4/4
    19 | D:1      | Learned a level 1 spell: Beastly Appendage
    26 | D:1      | Learned a level 1 spell: Foxfire
   317 | D:1      | Reached XP level 2. HP: 23/23 MP: 5/5
   931 | D:1      | Reached XP level 3. HP: 28/28 MP: 5/7
  1368 | D:2      | Reached skill level 1 in Invocations
  1449 | D:2      | Learned a level 3 spell: Spider Form
  1659 | D:2      | Reached skill level 1 in Short Blades
  1659 | D:2      | Reached skill level 1 in Long Blades
  1659 | D:2      | Reached skill level 1 in Axes
  1659 | D:2      | Reached skill level 1 in Maces & Flails
  1659 | D:2      | Reached skill level 1 in Polearms
  1659 | D:2      | Reached skill level 1 in Staves
  1659 | D:2      | Reached skill level 1 in Ranged Weapons
  1659 | D:2      | Reached skill level 1 in Dodging
  1659 | D:2      | Reached skill level 1 in Stealth
  1659 | D:2      | Reached skill level 1 in Shields
  1659 | D:2      | Reached skill level 1 in Unarmed Combat
  1659 | D:2      | Reached skill level 1 in Evocations
  1663 | D:2      | Reached XP level 4. HP: 26/34 MP: 5/8
  2051 | D:3      | Found a shadowy altar of Dithmenos.
  2082 | D:3      | Reached skill level 1 in Conjurations
  2082 | D:3      | Reached skill level 1 in Hexes
  2082 | D:3      | Reached skill level 1 in Summonings
  2082 | D:3      | Reached skill level 1 in Necromancy
  2082 | D:3      | Reached skill level 1 in Translocations
  2082 | D:3      | Reached skill level 1 in Ice Magic
  2082 | D:3      | Reached skill level 1 in Air Magic
  2082 | D:3      | Reached skill level 1 in Earth Magic
  2082 | D:3      | Reached skill level 1 in Poison Magic
  2352 | D:3      | Found a faded altar of an unknown god.
  2504 | D:3      | Reached XP level 5. HP: 28/40 MP: 9/9
  2724 | D:3      | Found a runed translucent door.
  2729 | D:3      | Noticed booth's ghost (amateur KoBr)
  3675 | D:4      | Found Guidy's Assorted Antiques.
  3687 | D:4      | Noticed an ogre
  3703 | D:4      | Killed an ogre
  3704 | D:4      | Reached XP level 6. HP: 14/47 MP: 7/11
  3993 | D:4      | Reached skill level 5 in Armour
  4059 | D:4      | Found a staircase to the Ecumenical Temple.
  4068 | Temple   | Entered the Ecumenical Temple
  4268 | Temple   | Became a worshipper of Hepliaklqana the Forgotten
  4606 | D:4      | Identified the +1 ring mail of Woitoer {Drain Int+4 SInv
                  | Stlth+}
  4851 | D:5      | Entered Level 5 of the Dungeon
  4907 | D:5      | HP: 2/47 [iguana (1)]
  4908 | D:5      | Slain by an iguana

Illustrated notes

Levels and vault maps discovered:
D:1:      evilmike_arrival_hilbert_curve, layout_basic, serial_aquarium,
          aquarium_bridge_island_small [aquarium_subvault_small_water,
          aquarium_subvault_bridge, aquarium_subvault_bridge,
          aquarium_subvault_window, aquarium_subvault_bridge],
          aquarium_window_fake, aquarium_window_2, aquarium_view_2c,
          aquarium_view_2d, minmay_box_of_dots
D:2:      layout_rooms
D:3:      layout_rooms, grunt_dithmenos_smoke_and_mirrors,
          shapermc_ecumenical_altar_ellora, ebering_ghost_reflecting_pool
D:4:      layout_basic, lemuel_temple_firewalk_b, serial_shops, shop
D:5:      layout_basic
Temple:   minmay_crystal_snake_temple

Skill      XL: |  1  2  3  4  5  6 |
---------------+-------------------+-----
Invocations    | 1 2 |  2.1
Short Blades   | 1 2 |  2.0
Long Blades    | 1 2 |  2.0
Axes           | 1 2 |  2.0
Maces & Flails | 1 2 |  2.0
Polearms       | 1 2 |  2.0
Staves         | 1 2 |  2.0
Ranged Weapons | 1 2 |  2.0
Dodging        | 1 2 |  2.0
Stealth        | 1 2 |  2.0
Shields        | 1 2 |  2.0
Unarmed Combat | 1 2 |  2.0
Evocations     | 1 2 |  2.0
Spellcasting   | 3 |  3.4
Conjurations   | 1 |  1.5
Hexes          | 1 |  1.5
Summonings     | 1 |  1.5
Necromancy     | 1 |  1.5
Translocations | 1 |  1.5
Ice Magic      | 1 |  1.5
Air Magic      | 1 |  1.5
Earth Magic    | 1 |  1.5
Poison Magic   | 1 |  1.5
Fighting       | 3 |  3.2
Throwing       | 3 |  3.2
Transmutations | 4 |  4.1
Armour         | 5 |  5.0
Fire Magic     | |  5.6

Action                   |  1- 3 |  4- 6 || total
-------------------------+-------+-------++-------
Melee: Club              |    41 |       ||    41
       Bite              |    11 |    14 ||    25
       Kick              |    10 |    22 ||    32
       Whip              |    55 |    67 ||   122
       Headbutt          |     3 |    17 ||    20
       Mace              |       |   122 ||   122
       Punch             |       |     2 ||     2
Throw: Javelin           |       |     4 ||     4
       Dart              |       |     1 ||     1
 Cast: Beastly Appendage |    16 |    23 ||    39
       Foxfire           |     6 |     8 ||    14
  Use: Scroll            |     5 |     3 ||     8
       Potion            |       |     1 ||     1
 Stab: Sleeping          |       |     1 ||     1
Armor: Ring mail         |    43 |    77 ||   120
Dodge: Dodged            |    57 |   109 ||   166
